 Dungeon Crawl Stone Soup version 0.26.1-11-gd32895ea62 (webtiles) character file.

Game seed: 8757153499187001020

28 Acheron the Grasshopper (level 2, -1/25 HPs)
             Began as a Palentonga Warper on June 16, 2021.
             Killed from afar by a dart slug (4 damage)
             ... with a slug dart
             ... on level 1 of the Dungeon.
             The game lasted 00:01:16 (421 turns).

Acheron the Grasshopper (Palentonga Warper)          Turns: 421, Time: 00:01:16

Health: -1/25      AC:  4    Str: 14    XL:     2   Next: 96%
Magic:  5/5        EV:  9    Int: 13    God:
Gold:   26         SH:  0    Dex:  9    Spells: 5/5 levels left

rFire    . . .     SeeInvis +   a - +0 hand axe
rCold    . . .     Faith    .   (no shield)
rNeg     . . .     Spirit   .   b - +0 leather armour
rPois    .         Reflect  .   (no helmet)
rElec    .         Harm     .   (no cloak)
rCorr    .         Rampage  .   (no gloves)
Will     .....                  (no barding)
Stlth    +.........             (no amulet)
HPRegen  0.08/turn              (no ring)
MPRegen  0.09/turn              (no ring)

@: no status effects
A: large, rugged brown scales 3, see invisible, deformed body, roll 1, armoured
tail
a: Rolling Charge


You were on level 1 of the Dungeon.
You visited 1 branch of the dungeon, and saw 1 of its levels.

You collected 26 gold pieces.

Inventory:

Hand Weapons
 a - a +0 hand axe (weapon)
Missiles
 e - 5 boomerangs of dispersal (quivered)
Armour
 b - a +0 leather armour (worn)
Jewellery
 g - an uncursed ring of positive energy {unknown}
 i - an uncursed amulet of regeneration {unknown}
Scrolls
 d - a scroll of blinking
 j - a scroll of enchant armour {unknown}
 k - a scroll of identify {unknown}
Potions
 c - a potion of resistance {unknown}
 f - a potion of haste {unknown}
 h - a potion of heal wounds {unknown}


   Skills:
 * Level 2.2 Fighting
 + Level 2.1 Axes
 * Level 1.1 Throwing
 * Level 1.1 Armour
 + Level 1.5 Dodging
 * Level 0.6 Stealth
 + Level 2.0 Spellcasting
 + Level 3.2 Translocations


You had 5 spell levels left.
You didn't know any spells.
Your spell library contained the following spells:

 Spells                   Type           Power        Failure   Level
 Blink                    Tloc           N/A          13%         2
 Gell's Gravitas          Tloc           4%           26%         3
 Lesser Beckoning         Tloc           4%           26%         3
 Teleport Other           Tloc           9%           26%         3
 Passage of Golubria      Tloc           N/A          63%         4


Dungeon Overview and Level Annotations

Branches:
Dungeon (1/15)

Altars:


Innate Abilities, Weirdness & Mutations

You are completely covered in rugged brown scales. (AC +3, +7% HP)
You have supernaturally acute eyesight. (SInv)
Armour fits poorly on your strangely shaped body.
You can roll at nearby foes to attack.
You have a long armoured tail.


Message History

You hit the hobgoblin but do no damage. The hobgoblin hits you.
The dart slug launches a dart at you. The slug dart hits you.
The hobgoblin hits you. The hobgoblin barely misses you.
The dart slug launches a dart at you. The slug dart hits you.
The hobgoblin hits you.
* * * LOW HITPOINT WARNING * * *
You completely miss the dart slug. You tail-slap the dart slug.
The dart slug is severely wounded.
You closely miss the hobgoblin. The dart slug launches a dart at you.
The slug dart hits you.
* * * LOW HITPOINT WARNING * * *
The hobgoblin barely misses you.
You hit the dart slug.
The dart slug is almost dead.
You closely miss the hobgoblin. The hobgoblin closely misses you.
The dart slug launches a dart at you. The slug dart hits you.
You die...

)......... ....####.#
########.# (....###.#
##......#.#
##.#...#.#####.....!...#
#.###......#....!.....#
#...###...............#
###.#####.............#
#...# ##.........?..#
###.# ##...g@w.....#
######.### #..........##
.........# ##..†.......#
########...............#
##### #..............#
....### #..............#
......###..............#
###....##.............##
...#...##.#.###......##


You could see a dart slug and a hobgoblin.

Vanquished Creatures
  4 dart slugs (D:1)
  A leopard gecko (D:1)
  A goblin (D:1)
  2 hobgoblins (D:1)
  2 jackals (D:1)
  3 bats (D:1)
  A frilled lizard (D:1)
  2 kobolds (D:1)
  4 rats (D:1)
20 creatures vanquished.

Notes
Turn   | Place    | Note
-------+----------+-------------------------------------------
     0 | D:1      | Acheron the Palentonga Warper began the quest for the Orb.
     0 | D:1      | Reached XP level 1. HP: 18/18 MP: 3/3
    21 | D:1      | Reached skill level 1 in Armour
    25 | D:1      | Reached XP level 2. HP: 14/25 MP: 5/5
   266 | D:1      | Reached skill level 1 in Throwing
   421 | D:1      | Killed from afar by a dart slug

Illustrated notes

Levels and vault maps discovered:
D:1:      dpeg_arrival_oval, layout_rooms

Skill      XL: |  1  2 |
---------------+-------+-----
Armour         | 1 |  1.1
Throwing       | 1 |  1.1
Fighting       | |  2.2
Axes           | |  2.1
Dodging        | |  1.5
Stealth        | |  0.6
Spellcasting   | |  2.0
Translocations | |  3.2

Action                   || total
-------------------------++-------
Melee: Hand axe          ||    38
       Tailslap          ||     3
Armor: Leather armour    ||    18
Dodge: Dodged            ||    22
